[ PARTIDA AOE2 · #495323459 ]
UnrankedHunos vs Franks
Equipo del jugador · DERR
Equipo rival · VICT
[ ANÁLISIS DE REPETICIÓN · EXTRAÍDO DE LA PARTIDA GRABADA ]
Feudal
9:16
Castillos
20:31
Imperial
33:11
| APM promedio | 63.1 |
| APM pico | 111 |
| eAPM promedio | 24.1 |
| Aldeanos / militares | 92 / 66 |
Foco
⚔️ 30.1% · 🌾 69.9%
Cavalry Archer ×41 · Archer ×14 · Monk ×4 · Spearman ×3 · Scout Cavalry ×2 · Trebuchet (Packed) ×2
Feudal
8:52
Castillos
20:33
Imperial
37:10
| APM promedio | 52.2 |
| APM pico | 111 |
| eAPM promedio | 23.6 |
| Aldeanos / militares | 186 / 94 |
Foco
⚔️ 29.1% · 🌾 70.9%
Knight ×70 · Skirmisher ×12 · Scorpion ×4 · Scout Cavalry ×3 · Spearman ×2 · Trebuchet (Packed) ×2
Mapa de la partida
Recursos iniciales + cada clic de construcción. Líneas = muros · curvas = relieve. ◆ oro · ⬟ piedra · ● bayas · ✦ reliquia · ◌ hueco del cierre
Tu base· ✓ Cerrada en 20:31 · 44t muro · 1 puerta(s)
Base de Andi· Abierta — flanco sin cerrar
Terreno inicial suavizado · ◌ = hueco del cierre detectado · pasá el cursor para detalles
Inputs por minuto
— Big Dota - - Andi
Build order — Big Dota
Primeras 150 de 268 acciones detectadas
| 0:00 | Crear | Villager (Male) |
| 0:14 | Crear | Villager (Male) |
| 0:15 | Crear | Villager (Male) |
| 0:15 | Crear | Villager (Male) |
| 1:26 | Crear | Villager (Male) |
| 1:26 | Crear | Villager (Male) |
| 1:48 | Crear | Villager (Male) |
| 1:57 | Construir | Lumber Camp |
| 2:05 | Crear | Villager (Male) |
| 2:50 | Crear | Villager (Male) |
| 2:50 | Crear | Villager (Male) |
| 3:00 | Crear | Villager (Male) |
| 3:00 | Crear | Villager (Male) |
| 3:42 | Crear | Villager (Male) |
| 3:49 | Crear | Villager (Male) |
| 4:16 | Crear | Villager (Male) |
| 4:56 | Crear | Villager (Male) |
| 4:56 | Crear | Villager (Male) |
| 5:29 | Construir | Mill |
| 5:46 | Crear | Villager (Male) |
| 5:46 | Crear | Villager (Male) |
| 5:55 | Investigar | Loom |
| 6:56 | Investigar | Feudal Age |
| 7:08 | Construir | Mining Camp |
| 7:54 | Construir | Barracks |
| 8:58 | Crear | Villager (Male) |
| 8:58 | Crear | Villager (Male) |
| 9:02 | Construir | Palisade Wall |
| 9:16 | Edad | Edad Feudal |
| 9:18 | Construir | Archery Range |
| 9:18 | Crear | Spearman |
| 9:20 | Crear | Villager (Male) |
| 9:27 | Construir | Palisade Wall |
| 9:29 | Construir | Palisade Wall |
| 9:30 | Crear | Villager (Male) |
| 9:33 | Investigar | Double-Bit Axe |
| 9:49 | Crear | Spearman |
| 9:52 | Crear | Villager (Male) |
| 9:57 | Crear | Archer |
| 10:05 | Crear | Villager (Male) |
| 10:19 | Construir | Palisade Wall |
| 10:28 | Crear | Archer |
| 10:32 | Crear | Villager (Male) |
| 10:37 | Construir | Mill |
| 10:46 | Crear | Archer |
| 10:57 | Crear | Villager (Male) |
| 11:15 | Construir | Palisade Gate |
| 11:23 | Construir | Palisade Wall |
| 11:24 | Construir | Palisade Wall |
| 11:35 | Construir | Palisade Wall |
| 11:50 | Construir | Palisade Wall |
| 11:54 | Construir | Palisade Wall |
| 11:55 | Construir | Palisade Wall |
| 12:01 | Crear | Villager (Male) |
| 12:10 | Construir | Farm |
| 12:12 | Construir | Farm |
| 12:13 | Construir | Farm |
| 12:14 | Crear | Villager (Male) |
| 12:16 | Construir | Farm |
| 12:19 | Crear | Spearman |
| 12:25 | Crear | Archer |
| 12:26 | Crear | Archer |
| 12:35 | Crear | Villager (Male) |
| 13:11 | Crear | Villager (Male) |
| 13:11 | Crear | Archer |
| 13:26 | Construir | Farm |
| 13:28 | Construir | Farm |
| 13:30 | Construir | Blacksmith |
| 13:33 | Crear | Villager (Male) |
| 13:41 | Crear | Archer |
| 13:42 | Crear | Archer |
| 14:04 | Construir | Farm |
| 14:06 | Construir | Farm |
| 14:12 | Investigar | Fletching |
| 14:19 | Construir | Farm |
| 14:20 | Crear | Villager (Male) |
| 14:35 | Crear | Archer |
| 14:40 | Construir | Farm |
| 14:43 | Construir | Farm |
| 15:02 | Crear | Villager (Male) |
| 15:24 | Construir | Farm |
| 15:26 | Crear | Villager (Male) |
| 15:34 | Construir | Farm |
| 15:54 | Crear | Archer |
| 15:58 | Crear | Villager (Male) |
| 16:03 | Construir | Market |
| 16:48 | Construir | Stable |
| 17:23 | Construir | Farm |
| 17:51 | Investigar | Castle Age |
| 17:51 | Investigar | Castle Age |
| 17:56 | Construir | Farm |
| 17:58 | Construir | Farm |
| 18:06 | Crear | Scout Cavalry |
| 18:20 | Crear | Archer |
| 18:20 | Crear | Archer |
| 18:24 | Investigar | Gold Mining |
| 18:27 | Investigar | Horse Collar |
| 18:51 | Crear | Scout Cavalry |
| 19:00 | Crear | Archer |
| 19:11 | Construir | Archery Range |
| 20:04 | Crear | Archer |
| 20:22 | Crear | Villager (Male) |
| 20:24 | Investigar | Bloodlines |
| 20:31 | Edad | Edad de los Castillos |
| 20:31 | Investigar | Bodkin Arrow |
| 20:32 | Investigar | Crossbowman (upgrade) |
| 20:39 | Construir | Palisade Wall |
| 21:09 | Construir | Farm |
| 21:22 | Construir | Monastery |
| 21:24 | Crear | Cavalry Archer |
| 21:24 | Crear | Cavalry Archer |
| 21:32 | Crear | Villager (Male) |
| 21:32 | Crear | Villager (Male) |
| 21:33 | Crear | Villager (Male) |
| 21:43 | Investigar | Bow Saw |
| 21:43 | Investigar | Bow Saw |
| 21:54 | Crear | Villager (Male) |
| 21:57 | Crear | Cavalry Archer |
| 21:58 | Crear | Cavalry Archer |
| 22:07 | Construir | Farm |
| 22:08 | Crear | Monk |
| 22:21 | Investigar | Husbandry |
| 22:41 | Crear | Cavalry Archer |
| 22:41 | Crear | Cavalry Archer |
| 23:07 | Investigar | Padded Archer Armor |
| 23:08 | Crear | Villager (Male) |
| 23:08 | Crear | Villager (Male) |
| 23:10 | Crear | Cavalry Archer |
| 23:10 | Crear | Cavalry Archer |
| 23:13 | Construir | Palisade Wall |
| 23:29 | Construir | Palisade Wall |
| 23:56 | Construir | Palisade Wall |
| 24:03 | Crear | Cavalry Archer |
| 24:03 | Crear | Cavalry Archer |
| 24:09 | Crear | Villager (Male) |
| 24:09 | Crear | Villager (Male) |
| 24:09 | Crear | Villager (Male) |
| 24:26 | Crear | Cavalry Archer |
| 24:26 | Crear | Cavalry Archer |
| 24:27 | Crear | Villager (Male) |
| 24:27 | Crear | Villager (Male) |
| 24:27 | Crear | Villager (Male) |
| 24:51 | Construir | University |
| 25:26 | Crear | Villager (Male) |
| 25:54 | Investigar | Ballistics |
| 25:54 | Investigar | Ballistics |
| 25:57 | Construir | Palisade Wall |
| 25:57 | Construir | Palisade Wall |
| 25:58 | Construir | Palisade Wall |
| 26:01 | Construir | Palisade Wall |
Build order — Andi
Primeras 150 de 452 acciones detectadas
| 0:00 | Crear | Villager (Male) |
| 0:00 | Crear | Villager (Male) |
| 0:00 | Crear | Villager (Male) |
| 0:00 | Crear | Villager (Male) |
| 0:00 | Crear | Villager (Male) |
| 0:00 | Crear | Villager (Male) |
| 0:01 | Construir | House |
| 0:02 | Construir | House |
| 1:29 | Crear | Villager (Male) |
| 1:30 | Crear | Villager (Male) |
| 2:03 | Crear | Villager (Male) |
| 2:09 | Construir | Lumber Camp |
| 2:12 | Crear | Villager (Male) |
| 2:12 | Crear | Villager (Male) |
| 2:49 | Crear | Villager (Male) |
| 2:49 | Crear | Villager (Male) |
| 2:49 | Crear | Villager (Male) |
| 2:50 | Crear | Villager (Male) |
| 3:03 | Construir | House |
| 3:16 | Crear | Villager (Male) |
| 3:58 | Crear | Villager (Male) |
| 4:25 | Crear | Villager (Male) |
| 4:33 | Construir | Mill |
| 4:40 | Crear | Villager (Male) |
| 4:51 | Crear | Villager (Male) |
| 5:39 | Crear | Villager (Male) |
| 6:03 | Crear | Villager (Male) |
| 6:42 | Investigar | Feudal Age |
| 7:09 | Construir | Barracks |
| 7:23 | Investigar | Loom |
| 7:24 | Crear | Villager (Male) |
| 7:32 | Construir | House |
| 8:43 | Construir | House |
| 8:52 | Edad | Edad Feudal |
| 8:54 | Construir | Stable |
| 8:56 | Crear | Villager (Male) |
| 8:57 | Investigar | Double-Bit Axe |
| 9:12 | Crear | Spearman |
| 9:24 | Construir | Mill |
| 9:42 | Crear | Villager (Male) |
| 9:44 | Crear | Scout Cavalry |
| 9:56 | Construir | House |
| 9:57 | Construir | House |
| 9:57 | Crear | Scout Cavalry |
| 10:01 | Investigar | Loom |
| 10:12 | Construir | Farm |
| 10:22 | Crear | Villager (Male) |
| 10:25 | Construir | House |
| 10:34 | Crear | Villager (Male) |
| 10:35 | Construir | Farm |
| 10:38 | Construir | Farm |
| 10:48 | Crear | Villager (Male) |
| 11:02 | Crear | Villager (Male) |
| 11:04 | Crear | Scout Cavalry |
| 11:17 | Construir | Archery Range |
| 11:23 | Crear | Villager (Male) |
| 11:33 | Crear | Villager (Male) |
| 11:36 | Construir | Farm |
| 11:46 | Construir | House |
| 11:47 | Construir | House |
| 11:47 | Construir | House |
| 11:48 | Construir | House |
| 11:52 | Crear | Villager (Male) |
| 12:01 | Construir | Farm |
| 12:10 | Construir | Farm |
| 12:24 | Construir | House |
| 12:25 | Construir | House |
| 12:31 | Crear | Villager (Male) |
| 12:42 | Construir | Blacksmith |
| 12:44 | Crear | Skirmisher |
| 12:57 | Crear | Skirmisher |
| 12:58 | Crear | Villager (Male) |
| 13:13 | Crear | Villager (Male) |
| 13:15 | Construir | Farm |
| 13:17 | Construir | Farm |
| 13:19 | Construir | Farm |
| 13:29 | Crear | Skirmisher |
| 13:29 | Crear | Villager (Male) |
| 13:40 | Construir | Farm |
| 13:45 | Construir | Farm |
| 13:55 | Crear | Skirmisher |
| 14:04 | Construir | Farm |
| 14:10 | Crear | Skirmisher |
| 14:14 | Investigar | Fletching |
| 14:18 | Construir | House |
| 14:22 | Construir | Palisade Wall |
| 14:24 | Crear | Villager (Male) |
| 14:28 | Crear | Skirmisher |
| 14:55 | Investigar | Padded Archer Armor |
| 14:59 | Crear | Villager (Male) |
| 15:07 | Crear | Skirmisher |
| 15:14 | Crear | Skirmisher |
| 15:18 | Construir | House |
| 15:31 | Construir | Mining Camp |
| 15:33 | Crear | Villager (Male) |
| 15:34 | Crear | Villager (Male) |
| 15:52 | Construir | House |
| 16:16 | Crear | Skirmisher |
| 16:45 | Crear | Villager (Male) |
| 16:45 | Crear | Villager (Male) |
| 16:45 | Crear | Skirmisher |
| 16:46 | Crear | Skirmisher |
| 17:30 | Crear | Spearman |
| 17:53 | Investigar | Castle Age |
| 17:58 | Construir | Farm |
| 17:58 | Construir | Farm |
| 17:58 | Construir | Farm |
| 17:58 | Construir | Farm |
| 17:58 | Construir | Farm |
| 17:59 | Construir | Farm |
| 18:14 | Construir | Lumber Camp |
| 18:55 | Construir | Stable |
| 19:06 | Crear | Skirmisher |
| 20:05 | Investigar | Scale Barding Armor |
| 20:06 | Investigar | Forging |
| 20:33 | Edad | Edad de los Castillos |
| 20:33 | Crear | Knight |
| 20:34 | Crear | Knight |
| 20:35 | Crear | Villager (Male) |
| 20:38 | Investigar | Bow Saw |
| 20:41 | Construir | Town Center |
| 20:44 | Crear | Villager (Male) |
| 20:46 | Crear | Knight |
| 20:46 | Crear | Knight |
| 20:52 | Investigar | Chain Barding Armor |
| 21:05 | Crear | Knight |
| 21:23 | Crear | Villager (Male) |
| 21:42 | Investigar | Husbandry |
| 21:47 | Construir | Town Center |
| 21:57 | Crear | Villager (Male) |
| 21:58 | Crear | Villager (Male) |
| 22:07 | Construir | Farm |
| 22:08 | Construir | Farm |
| 22:14 | Crear | Knight |
| 22:20 | Construir | Farm |
| 22:29 | Crear | Villager (Male) |
| 22:29 | Crear | Villager (Male) |
| 22:31 | Construir | Farm |
| 22:36 | Crear | Knight |
| 22:45 | Construir | Farm |
| 22:51 | Crear | Villager (Male) |
| 22:55 | Crear | Villager (Male) |
| 22:55 | Crear | Villager (Male) |
| 22:58 | Construir | Farm |
| 22:59 | Crear | Villager (Male) |
| 22:59 | Crear | Villager (Male) |
| 23:07 | Crear | Villager (Male) |
| 23:19 | Construir | Farm |
| 23:21 | Crear | Villager (Male) |
| 23:31 | Construir | Farm |
Cronología de la partida
| 7:09 | Andi · first_building Barracks |
| 7:54 | Big Dota · first_building Barracks |
| 8:52 | Andi · age_up feudal |
| 8:54 | Andi · first_building Stable |
| 9:02 | Big Dota · wall_segment Palisade Wall x12 |
| 9:16 | Big Dota · age_up feudal |
| 9:18 | Big Dota · first_building Archery Range |
| 9:27 | Big Dota · wall_segment Palisade Wall x5 |
| 9:29 | Big Dota · wall_segment Palisade Wall x4 |
| 10:19 | Big Dota · wall_segment Palisade Wall x8 |
| 11:17 | Andi · first_building Archery Range |
| 11:23 | Big Dota · wall_segment Palisade Wall x4 |
| 11:24 | Big Dota · wall_segment Palisade Wall x1 |
| 11:35 | Big Dota · wall_segment Palisade Wall x1 |
| 11:50 | Big Dota · wall_segment Palisade Wall x2 |
| 11:54 | Big Dota · wall_segment Palisade Wall x7 |
| 11:55 | Big Dota · wall_segment Palisade Wall x1 |
| 14:22 | Andi · wall_segment Palisade Wall x7 |
| 16:48 | Big Dota · first_building Stable |
| 20:31 | Big Dota · age_up castle |
| 20:33 | Andi · age_up castle |
| 20:39 | Big Dota · wall_segment Palisade Wall x2 |
| 21:22 | Big Dota · first_building Monastery |
| 23:13 | Big Dota · wall_segment Palisade Wall x1 |
| 23:29 | Big Dota · wall_segment Palisade Wall x1 |
| 23:56 | Big Dota · wall_segment Palisade Wall x1 |
| 25:48 | Andi · first_building Siege Workshop |
| 25:57 | Big Dota · wall_segment Palisade Wall x1 |
| 25:57 | Big Dota · wall_segment Palisade Wall x1 |
| 25:58 | Big Dota · wall_segment Palisade Wall x1 |
| 26:01 | Big Dota · wall_segment Palisade Wall x1 |
| 26:52 | Big Dota · wall_segment Palisade Wall x1 |
| 26:54 | Big Dota · wall_segment Palisade Wall x1 |
| 27:15 | Big Dota · wall_segment Palisade Wall x1 |
| 27:53 | Big Dota · wall_segment Palisade Wall x1 |
| 27:58 | Big Dota · wall_segment Palisade Wall x1 |
| 28:25 | Andi · first_market_buy 100 stone |
| 28:39 | Big Dota · first_market_sell 100 stone |
| 29:22 | Big Dota · wall_segment Palisade Wall x1 |
| 29:40 | Big Dota · wall_segment Palisade Wall x1 |
| 29:42 | Big Dota · wall_segment Palisade Wall x1 |
| 29:44 | Big Dota · wall_segment Palisade Wall x1 |
| 29:47 | Big Dota · wall_segment Palisade Wall x1 |
| 29:47 | Big Dota · wall_segment Palisade Wall x1 |
| 30:02 | Big Dota · wall_segment Palisade Wall x1 |
| 30:40 | Big Dota · wall_segment Palisade Wall x3 |
| 30:43 | Big Dota · wall_segment Palisade Wall x1 |
| 31:31 | Andi · first_building Monastery |
| 33:11 | Big Dota · age_up imperial |
| 33:33 | Andi · first_market_sell 100 wood |
| 33:33 | Big Dota · first_market_buy 100 food |
| 34:15 | Big Dota · first_building Castle |
| 34:49 | Andi · first_building Castle |
| 37:10 | Andi · age_up imperial |
| 40:21 | Big Dota · wall_segment Palisade Wall x3 |
| 40:50 | Big Dota · resign |
[ ANÁLISIS IA · 1 CRÉDITO ]
¿Qué pasó realmente en esta partida?
Wolo.gg analiza cada decisión: build order, eco, micro, errores típicos por bracket. Análisis personalizado por WhatsApp o Discord en 30 segundos.
Guía civ
Hunos
Perfil
Jugador #3357289